 Dungeon Crawl Stone Soup version 0.24-a0-312-g16217b4a02 (webtiles) character file.

Game seed: 7594340774219285832

44 HAL9000 the Sneak (level 3, 0/18 HPs)
             Began as a Vine Stalker Assassin on May 15, 2019.
             Succumbed to an adder's poison
             ... on level 2 of the Dungeon.
             The game lasted 00:03:32 (802 turns).

HAL9000 the Sneak (Vine Stalker Assassin)            Turns: 802, Time: 00:03:33

Health: 0/18       AC:  3    Str: 13    XL:     3   Next: 62%
Magic:  3/4        EV: 17    Int: 16    God:
Gold:   52         SH:  0    Dex: 21    Spells: 2/2 levels left

rFire    . . .     SeeInvis .   a - +2 dagger
rCold    . . .     Gourm    .   (no shield)
rNeg     . . .     Faith    .   b - +0 robe
rPois    .         Spirit   +   (no helmet)
rElec    .         Reflect  .   c - +0 cloak
rCorr    .         Harm     +   (no gloves)
MR       .....                  (no boots)
Stlth    ++++......             j - amulet of harm
HPRegen  0.06/turn              (no ring)
MPRegen  0.09/turn              (no ring)

@: brilliant, agile, lethally poisoned (0 -> -5)
A: fangs 2, magic shield, antimagic bite, no potion heal 3, rot immunity
a: no special abilities


You were on level 2 of the Dungeon.
You were not hungry.

You visited 1 branch of the dungeon, and saw 2 of its levels.

You collected 52 gold pieces.

Inventory:

Hand Weapons
 a - a +2 dagger (weapon)
Missiles
 d - 8 poisoned darts (quivered)
 e - 2 curare-tipped darts
Armour
 b - a +0 robe (worn)
 c - a +0 cloak (worn)
 i - a +0 shield
Jewellery
 j - an amulet of harm (around neck)
Scrolls
 g - 3 scrolls of identify {unknown}
 h - a scroll of fear {unknown}
 k - a scroll of fog {unknown}
 m - a scroll of enchant weapon {unknown}
Comestibles
 f - 2 rations


   Skills:
 - Level 1.7 Fighting
 + Level 3.5 Short Blades
 - Level 1.7 Throwing
 - Level 0.7 Dodging
 - Level 4.8 Stealth


You had 2 spell levels left.
You didn't know any spells.
Your spell library was empty.

Dungeon Overview and Level Annotations

Branches:
Dungeon (2/15)

Altars:


Innate Abilities, Weirdness & Mutations

You have extremely sharp teeth.
When hurt, damage is shared between your health and your magic reserves.
Your bite disrupts and absorbs the magic of your enemies.
Potions cannot restore your health.
You are immune to rotting.


Message History

* * * LOW HITPOINT WARNING * * *
You feel sick.
It was a potion of agility.
You feel agile all of a sudden.
There is a lethal amount of poison in your body!
Unknown command.
There is a lethal amount of poison in your body!
There is a lethal amount of poison in your body!
There is a lethal amount of poison in your body!
* * * LOW HITPOINT WARNING * * *
You feel sick.
* * * LOW HITPOINT WARNING * * *
You feel sick.
* * * LOW HITPOINT WARNING * * *
You feel sick.
Found a stone staircase leading up.
* * * LOW HITPOINT WARNING * * *
You feel sick.
A rat comes into view.
You die...

#.#.....#
..#.#.#.# #
###.#$#.# ##.
#.#.# # #...
#.#.#.#
...r.##.#.#.#
............#
..........#.#
#...####@.#
##. #..# #
#.<# [..#
#... #####


You could see a rat (sleeping).

Vanquished Creatures
  An adder (D:2)
  An ooze (D:1)
  4 dart slugs (D:1)
  3 giant cockroaches (D:1)
  2 goblins (D:1)
  3 hobgoblins (D:1)
  3 bats (D:1)
  A frilled lizard (D:1)
  3 kobolds (D:1)
  2 rats (D:1)
23 creatures vanquished.

Notes
Turn   | Place    | Note
-------+----------+-------------------------------------------
     0 | D:1      | HAL9000 the Vine Stalker Assassin began the quest for the
                  | Orb.
     0 | D:1      | Reached XP level 1. HP: 11/11 MP: 2/2
   127 | D:1      | Reached XP level 2. HP: 9/15 MP: 3/3
   383 | D:1      | Reached XP level 3. HP: 15/18 MP: 2/4
   802 | D:2      | Succumbed to an adder's poison

Levels and vault maps discovered:
D:1:      zelgadis_glass_arrival_small, layout_basic, minmay_close_crescents
D:2:      kennysheep_the_goblin_king, layout_loops_ring,
          corexii_leaking_fountain, minmay_misc_feat_plants,
          chequers_serial_rivers_micro_d, minmay_bisected

Skill      XL: |  1  2 |
---------------+-------+-----
Short Blades   | 2 3 |  3.5
Fighting       | |  1.7
Throwing       | |  1.7
Dodging        | |  0.7
Stealth        | |  4.8

Action                   || total
-------------------------++-------
Melee: Dagger            ||    54
       Bite              ||     8
  Use: Potion            ||     3
 Stab: Sleeping          ||     9
Armor: Robe              ||    10
Dodge: Dodged            ||    30

Table legend:
 A = Non-vault XP
 B = Vault XP
 C = Vault XP percentage of total XP
 D = Non-vault monster count
 E = Vault monster count
 F = Vault count percentage of total count
                 A         B        C        D         E       F
            +---------+---------+-------+---------+---------+-------
      Total |      57 |       7 |  10.9 |      20 |       3 |  13.0
            +---------+---------+-------+---------+---------+-------
        D:1 |      43 |       7 |  14.0 |      19 |       3 |  13.6
        D:2 |      14 |       0 |   0.0 |       1 |       0 |   0.0
            +---------+---------+-------+---------+---------+-------
